 Dungeon Crawl Stone Soup version 0.31-a0-819-gf6de2f5ab6 (webtiles) character file.

Game seed: 14893790881526297653

32 Bravepunisher the Ducker (level 3, 0/20 HPs)
             Began as a Spriggan Monk on Sept 23, 2023.
             Slain by a scorpion (7 damage)
             ... on level 5 of the Dungeon.
             The game lasted 00:03:05 (631 turns).

Bravepunisher the Ducker (Spriggan Monk)             Turns: 631, Time: 00:03:05

Health: 0/20       AC:  2    Str:  7    XL:     3   Next: 8%
Magic:  4/4        EV: 19    Int: 11    God:
Gold:   75         SH:  0    Dex: 19    Spells: 2/2 levels left

rFire   . . .        f - +4 short sword
rCold   . . .        (no shield)
rNeg    . . .        b - +0 robe
rPois   .            (helmet restricted)
rElec   .            (no cloak)
rCorr   .            (gloves unavailable)
SInv    +            (boots unavailable)
Will    .....        (no amulet)
Stlth   ++           (no ring)
HPRegen 0.23/turn    (no ring)
MPRegen 0.09/turn

%: no passive effects
@: very quick
A: very small, no large weapons, unfitting armour, see invisible, speed 3
a: no special abilities


You were on level 5 of the Dungeon.
You visited 1 branch of the dungeon, and saw 5 of its levels.

You collected 75 gold pieces.

Inventory:

Hand Weapons
 f - a +4 short sword (weapon)
Armour
 b - a +0 robe (worn)
 d - an orb of light


   Skills:
 * Level 3.2 Fighting
 - Level 3.2 Short Blades
 + Level 4.6 Dodging


You had 2 spell levels left.
You didn't know any spells.
Your spell library was empty.

Dungeon Overview and Level Annotations

Branches:
Dungeon (5/15)
 Temple: D:4-7

Altars:

Shops:
D:1 ?


Innate Abilities, Weirdness & Mutations

You are very small and have problems with some larger weapons.
You are too small for most types of armour.
You have supernaturally acute eyesight. (SInv)
You cover ground extremely quickly. (Speed+++)


Message History

It was a potion of heal wounds.
You feel much better. The scorpion misses you. The adder barely misses you.
The adder bites you. The scorpion stings you.
You bump into the rock wall.
The adder completely misses you.
You bump into the rock wall.
You feel less invigorated.
You feel less confused. The scorpion misses you. The adder misses you.
The scorpion stings you but does no damage.
You closely miss the adder. The adder barely misses you.
The scorpion closely misses you.
As you read the scroll labelled BAPSOFOIME, it crumbles to dust.
It is a scroll of identify.
You don't currently have any unidentified items.
The adder misses you. The scorpion misses you.
You closely miss the adder. The adder closely misses you.
The scorpion barely misses you.
You hit the adder.
The adder is heavily wounded.
The adder misses you. The scorpion completely misses you.
You hit the adder.
The adder is almost dead.
The adder closely misses you. The scorpion stings you.
The adder closely misses you.
You barely miss the adder.
The adder is almost dead.
The scorpion stings you. The adder closely misses you.
You hit the adder.
You kill the adder!
The scorpion stings you.
You have reached level 3!
Your experience leads to an increase in your attributes!
Increase (S)trength, (I)ntelligence, or (D)exterity?
You feel agile. x2
You closely miss the white imp. The scorpion closely misses you.
The white imp completely misses you.
You completely miss the white imp. You punch the white imp.
The white imp is moderately wounded.
The scorpion stings you!
You die...

..
#....#.........#
...
#...........#...#
...#
##..........##..#
....# ##.........
#..####..##......
#..#..## ##....
#....## #.#.
#.s5#.# #.
###@### ###


You could see a scorpion and a white imp.

Vanquished Creatures
  2 adders
  2 giant cockroaches (D:4)
  A goblin (D:4)
  2 hobgoblins
  2 kobolds
  2 ball pythons
  A bat (D:2)
  2 rats
14 creatures vanquished.

Notes
Turn   | Place    | Note
-------+----------+-------------------------------------------
     0 | D:1      | Bravepunisher the Spriggan Monk began the quest for the
                  | Orb.
     0 | D:1      | Reached XP level 1. HP: 11/11 MP: 2/2
    15 | D:1      | Found Xitu's Magic Scroll Shoppe.
   257 | D:3      | Noticed a hound
   333 | D:4      | Reached XP level 2. HP: 16/16 MP: 3/3
   386 | D:5      | Entered Level 5 of the Dungeon
   602 | D:5      | Noticed a scorpion
   630 | D:5      | Reached XP level 3. HP: 7/20 MP: 4/4
   631 | D:5      | Slain by a scorpion

Illustrated notes

Levels and vault maps discovered:
D:1:      mrwooster_arrival_statue_2, layout_basic, serial_shops,
          nicolae_shop_hallway_plus, serial_aquarium, aquarium_bridge_square
          [aquarium_subvault_wall, aquarium_subvault_window,
          aquarium_subvault_bridge, aquarium_subvault_balcony],
          aquarium_window_2, aquarium_window_1, aquarium_view_2f,
          aquarium_view_2e, corexii_hall_statues_s
D:2:      layout_basic, minmay_bisected, uniq_terence
D:3:      layout_rooms, kennysheep_generic_room_11
D:4:      layout_gridville, mainiacjoe_overflow_boulevard,
          nicolae_specific_store
D:5:      layout_layer_cave, serial_shops, nicolae_diamond_shop

Skill      XL: |  1  2 |
---------------+-------+-----
Fighting       | 3 |  3.2
Short Blades   | |  3.2
Dodging        | |  4.6

Action                     || total
---------------------------++-------
  Melee: Short sword       ||    63
         Punch             ||     1
    Use: Potion            ||     2
         Scroll            ||     1
   Stab: Sleeping          ||     1
 Armour: Robe              ||    22
  Dodge: Dodged            ||    56

Table legend: (Time is in decaauts)
 A = Elapsed time spent in this place.
 B = Non-inter-level travel time spent in this place.
 C = Inter-level travel time spent in this place.
 D = Time resting spent in this place.
 E = Time spent auto-exploring this place.
 F = Levels seen in this place.
 G = Mean time per level.
                   A        B        C        D        E       F      G
               +--------+--------+--------+--------+--------+-----+--------+
         Total |    456 |    456 |      0 |     55 |    197 |   5 |   91.2 |
       Dungeon |    456 |    456 |      0 |     55 |    197 |   5 |   91.2 |
               +--------+--------+--------+--------+--------+-----+--------+

Top non-repeatable levels by time:
     D:4: 185 daAuts
     D:1: 105 daAuts
     D:2: 96 daAuts
     D:5: 59 daAuts
     D:3: 9 daAuts
